 Dungeon Crawl Stone Soup version 0.17-a0-1685-g57e755e (webtiles) character file.

230 tizyemakis the Sneak (level 6, -2/29 HPs)
             Began as a Vine Stalker Enchanter on Aug 20, 2015.
             Slain by a river rat (4 damage)
             ... in a sewer.
             The game lasted 00:18:11 (3197 turns).

tizyemakis the Sneak (Vine Stalker Enchanter)       Turns: 3197, Time: 00:18:11

Health: -2/29      AC:  4    Str: 12    XL:     6   Next: 3%
Magic:  0/11       EV: 13    Int: 15    God:
Gold:   129        SH:  0    Dex: 15    Spells: 2 memorised, 7 levels left

rFire  . . .     SeeInvis .     q - +2 dagger (speed)
rCold  . . .     Clarity  +     b - +1 robe
rNeg   . . .     SustAt   .     (no shield)
rPois  .         Gourm    .     (no helmet)
rElec  .         Spirit   +     g - +0 cloak
rCorr  .         Warding  .     (no gloves)
rMut   .         Stasis   .     (no boots)
MR     .....                    n - amulet of clarity
Stlth  ++........               (no ring)
                                (no ring)

@: about to teleport, drained, not resistant to hostile enchantments, unstealthy
A: fangs 2, regeneration 2, magic shield, antimagic bite, no device heal 3, rot
immunity
a: no special abilities


You were in a sewer.
You were not hungry.

You visited 1 branch of the dungeon, and saw 3 of its levels.
You also visited: Sewer.

You collected 129 gold pieces.

Inventory:

Hand weapons
 a - a +1 dagger
 q - a +2 dagger of speed (weapon)
 x - a +2 trident of venom
 y - a +0 short sword of draining
Armour
 b - a +1 robe (worn)
 g - a +0 cloak (worn)
Jewellery
 n - an amulet of clarity (around neck)
Magical devices
 o - a wand of fireball (4)
 v - a wand of slowing (37)
Scrolls
 f - a scroll of teleportation
 i - a scroll of identify
 j - a scroll of enchant weapon
 m - a scroll of blinking {unknown}
 s - 2 scrolls of amnesia {unknown}
 t - a scroll of recharging {unknown}
 w - a scroll of remove curse
Potions
 e - a potion of agility
 k - a potion of curing
 p - a potion of brilliance
 r - a potion of haste
 z - a potion of might {unknown}
Books
 c - a book of Maledictions

   Spells                             Type                      Level
   a - Corona                         Hexes                        1
   b - Ensorcelled Hibernation        Hexes/Ice                    2
   c - Confuse                        Hexes                        3
   d - Tukima's Dance                 Hexes                        3
   e - Dazzling Spray                 Conjuration/Hexes            3
Comestibles
 d - 6 bread rations
 h - a slice of pizza
 l - 3 fruits
 u - a meat ration
 A - 2 chunks of flesh


   Skills:
 + Level 0.5(0.2) Fighting
 + Level 1.7(1.4) Short Blades
 + Level 3.5(3.2) Dodging
 + Level 4.6(4.3) Stealth
 + Level 3.1(2.8) Spellcasting
 + Level 3.4(3.0) Hexes


You had 7 spell levels left.
You knew the following spells:

 Your Spells              Type           Power        Failure   Level  Hunger
a - Corona                Hex            ##.....      8%          1    #......
b - Tukima's Dance        Hex            ##......     21%         3    ###....


Dungeon Overview and Level Annotations

Branches:
Dungeon (3/15)

Altars:
Ashenzari
Elyvilon
Trog


Innate Abilities, Weirdness & Mutations

You have extremely sharp teeth.
You heal very quickly.
When hurt, damage is shared between your health and your magic reserves.
Your bite disrupts and absorbs the magic of your enemies.
Potions and wands cannot restore your health.
You are immune to rotting.


Message History

The adder poisons you! The river rat closely misses you.
The adder bites you but does no damage.
You barely miss the adder. You bite the adder. You drain its power.
You feel invigorated.
The adder is almost dead.
You feel sick.
You hit the adder.
You kill the adder!
You have reached level 6!
Your experience leads to an increase in your attributes!
Increase (S)trength, (I)ntelligence, or (D)exterity?
You feel stronger.
You begin to heal more quickly.
The river rat closely misses you.
You feel better. The river rat bites you.
* * * LOW HITPOINT WARNING * * *
The river rat closely misses you.
As you read the scroll of teleportation, it crumbles to dust.
You feel strangely unstable. The river rat bites you.
You die...

#......≈≈≈≈≈≈..#.
##......≈≈≈.......#
##.......≈≈≈......#
##........≈≈≈.....#
##.........≈≈......#
#..#.......≈≈......#
#.###.....≈≈≈≈.....##
#∩###......≈≈†......#
####.......≈@r..##.
##.....≈≈≈≈≈.##
#....÷≈≈≈≈≈≈.#
##....÷≈.≈≈≈≈≈.#
#.......≈≈≈≈≈.....
#.......≈≈≈≈≈.....
#.....≈≈≈≈≈≈≈≈....#
##....≈≈≈≈≈≈≈≈≈....
##....≈≈≈≈≈≈≈....


You could see a river rat.

Vanquished Creatures
  7 adders
  A river rat (Sewer)
  6 gnolls (D:3)
  An ooze (D:3)
  3 giant geckos
  4 ball pythons
  5 giant cockroaches
  7 goblins
  10 hobgoblins
  15 jackals
  5 bats
  7 giant newts
  9 kobolds
  A quokka (D:2)
  20 rats
101 creatures vanquished.

Notes
Turn   | Place    | Note
--------------------------------------------------------------
     0 | D:1      | tizyemakis the Vine Stalker Enchanter began the quest for the Orb.
     0 | D:1      | Reached XP level 1. HP: 9/9 MP: 4/4
   138 | D:1      | Reached skill level 4 in Stealth
   262 | D:1      | Reached XP level 2. HP: 13/13 MP: 4/6
   831 | D:1      | Reached XP level 3. HP: 7/16 MP: 7/7
  1189 | D:2      | Found a bloodstained altar of Trog.
  1301 | D:2      | Reached skill level 1 in Short Blades
  1495 | D:2      | Reached XP level 4. HP: 21/21 MP: 8/8
  1762 | D:2      | Learned a level 3 spell: Tukima's Dance
  2093 | D:2      | Found a white marble altar of Elyvilon.
  2459 | D:3      | Reached XP level 5. HP: 20/25 MP: 8/10
  2474 | D:3      | Found a faded altar to an unknown god.
  2507 | D:3      | Found a shattered altar of Ashenzari.
  2860 | D:3      | Found a glowing drain.
  2916 | Sewer    | Entered a sewer
  3194 | Sewer    | Gained mutation: You heal very quickly. [Vine Stalker growth]
  3194 | Sewer    | Reached XP level 6. HP: 4/29 MP: 2/11
  3195 | Sewer    | HP: 1/29 [river rat (4)]
  3197 | Sewer    | Slain by a river rat

Vault maps used:
D:1:      dpeg_arrival_shelter, grunt_decor_one_mirror, minmay_cut_off
D:2:      kennysheep_big_flooded_room, lemuel_coloured_pillars_altar,
          bloody_trog, minmay_crystal_room
D:3:      nicolae_overflow_hidden_temple, gup_sewer_entry_glass,
          ecumenical_altar_2, kennysheep_pointless_box,
          kennysheep_generic_room_9
Sewer:    sewer_minmay_treatment

Action                   |  1- 3 |  4- 6 || total
-------------------------+-------+-------++-------
Melee: Dagger            |   172 |   226 ||   398
 Cast: Corona            |    26 |    22 ||    48
  Use: Scroll            |     1 |     7 ||     8
       Potion            |       |     3 ||     3
 Stab: Sleeping          |     4 |     3 ||     7
  Eat: Chunk             |     2 |     2 ||     4
       Bread ration      |       |     1 ||     1
